 Dungeon Crawl Stone Soup version 0.19.4-8-ga85b6b9 (console) character file.

1094 Kloppie the Fighter (level 8, -3/112 HPs)
             Began as a Demonspawn Berserker on Feb 9, 2017.
             Was a Priest of Trog.
             Killed from afar by an electric eel (14 damage)
             ... with a bolt of electricity
             ... on level 6 of the Dungeon.
             The game lasted 00:06:58 (5612 turns).

Kloppie the Fighter (Demonspawn Berserker)          Turns: 5612, Time: 00:06:59

Health: -3/112     AC:  8    Str: 24    XL:     8   Next: 9%
Magic:  8/8        EV: 11    Int:  9    God:    Trog [***...]
Gold:   247        SH:  0    Dex: 15    Spells: 0 memorised, 7 levels left

rFire  . . .     SeeInvis .     a - +1 falchion
rCold  . . .     Gourm    .     e - +0 ring mail
rNeg   . . .     Faith    .     (no shield)
rPois  .         Spirit   .     (helmet restricted)
rElec  .         Reflect  .     l - +2 cloak
rCorr  .         Harm     .     (no gloves)
MR     ++...                    (no boots)
Stlth  ..........               (no amulet)
                                (no ring)
                                (no ring)

@: berserking, regenerating, very quick
A: antennae 2, blurry vision 1, powered by death 2, robust 1, strong 1
a: Berserk, Trog's Hand, Burn Spellbooks, Renounce Religion


You were on level 6 of the Dungeon.
You worshipped Trog.
Trog was most pleased with you.
You were near starving.

You visited 1 branch of the dungeon, and saw 6 of its levels.

You collected 247 gold pieces.

Inventory:

Hand Weapons
 a - a +1 falchion (weapon)
Armour
 e - a +0 ring mail (worn)
 l - a +2 cloak (worn)
Wands
 u - a wand of polymorph (2/24)
Scrolls
 i - 3 scrolls of identify
 j - a scroll of fear
 m - 2 scrolls of amnesia
 n - 4 scrolls of enchant weapon
 p - a scroll of teleportation
 q - a scroll of random uselessness
 r - 4 scrolls of remove curse
Potions
 b - 2 potions of cancellation
 f - 2 potions of haste {unknown}
 k - 2 potions of mutation
 o - a potion of lignification {unknown}
 s - a potion of might {unknown}
 v - 2 potions of brilliance {unknown}
Comestibles
 c - 2 bread rations
 g - 2 beef jerkies
 h - 2 fruits
 t - a meat ration


   Skills:
 * Level 8.4 Fighting
 + Level 5.7 Long Blades
 - Level 1.7 Armour
 - Level 1.7 Dodging


You had 7 spell levels left.
You didn't know any spells.

Dungeon Overview and Level Annotations

Branches:
Dungeon (6/15)             Temple (0/1) D:4

Altars:
Cheibriados
Nemelex Xobeh
Ru
Sif Muna
Xom
Yredelemnul


Innate Abilities, Weirdness & Mutations

You have a pair of antennae on your head.
You regenerate health from kills.
Scrolls take you a little longer to read.
You are robust. (+10% HP)
Your muscles are strong. (Str +2)


Message History

The bolt of electricity hits the plant.
The bolt of electricity hits you!
* * * LOW HITPOINT WARNING * * *
The electric eel shoots out a bolt of lightning at you!
The bolt of electricity hits the plant.
The bolt of electricity hits you!
* * * LOW HITPOINT WARNING * * *
The electric eel shoots out a bolt of lightning at you!
The bolt of electricity hits the electric eel.
The electric eel completely resists.
The bolt of electricity hits you!
* * * LOW HITPOINT WARNING * * *
The bolt of electricity hits the plant.
A red film seems to cover your vision as you go berserk!
You feel yourself moving faster!
You feel mighty!
You are near starving!
The electric eel shoots out a bolt of lightning at you!
The bolt of electricity hits you!
* * * LOW HITPOINT WARNING * * *
The bolt of electricity hits the plant.
The electric eel shoots out a bolt of lightning at you!
The bolt of electricity hits you!
You die...

.#.........#.#
...?≈≈#.#..#
.#.........#.#
..≈.≈;#.#..#
.###+###'###)#
.≈.≈≈{#.####
..........#≈≈# .≈$%{##≈#
.........##≈##########≈##
.........#..#..P.≈;##≈##
.........#.#'..PP.≈≈#≈#
.........#≈#....P.$≈#.#
.........#≈#...P@;;≈#.#
.........#≈##..P[(≈##.#
'##########.########.##
......# ##...≈≈≈≈≈##
......# ##########
......# #######


You could see 3 electric eels.

Vanquished Creatures
  An orc warrior (D:6)
  An ogre (D:5)
  2 phantoms
  A hound (D:4)
  2 orc priests
  4 jellies
  Ijyb (D:3)
  6 worker ants
  Natasha (thrice) (D:3)
  3 orc wizards
  Robin (D:3)
  3 gnolls (D:4)
  4 adders
  An ooze (D:4)
  3 worms
  3 dart slugs
  A leopard gecko (D:1)
  15 orcs
  A ball python (D:3)
  5 giant cockroaches
  12 goblins
  12 hobgoblins
  7 jackals
  7 kobolds
  4 quokkas
  11 bats
  3 frilled lizards
  A jackal skeleton (D:5)
  A leopard gecko skeleton (D:6)
  A quokka skeleton (D:4)
  9 rats
129 creatures vanquished.

Notes
Turn   | Place    | Note
-------+----------+-------------------------------------------
     0 | D:1      | Kloppie the Demonspawn Berserker began the quest for the Orb.
     0 | D:1      | Reached XP level 1. HP: 18/18 MP: 1/1
   104 | D:1      | Gained mutation: You have a pair of small antennae on your head. [demonic ancestry]
   104 | D:1      | Reached XP level 2. HP: 24/24 MP: 2/2
   887 | D:2      | Gained mutation: You have a pair of antennae on your head. [demonic ancestry]
   887 | D:2      | Reached XP level 3. HP: 28/29 MP: 3/3
  1151 | D:2      | Found a shimmering altar of Xom.
  1480 | D:2      | Reached ** piety under Trog
  1480 | D:2      | Reached skill level 4 in Fighting
  1700 | D:3      | Noticed Ijyb
  1714 | D:3      | Killed Ijyb
  1714 | D:3      | Reached XP level 4. HP: 36/37 MP: 4/4
  1771 | D:3      | Noticed Robin
  1841 | D:3      | Killed Robin
  2198 | D:3      | Noticed Natasha
  2209 | D:3      | Killed Natasha
  2209 | D:3      | Reached XP level 5. HP: 27/43 MP: 5/5
  2290 | D:3      | Noticed Natasha
  2303 | D:3      | Killed Natasha
  2303 | D:3      | Reached skill level 5 in Fighting
  2317 | D:3      | Noticed Natasha
  2340 | D:3      | Gained mutation: You are robust. (+10% HP) [potion of mutation]
  2340 | D:3      | Gained mutation: Your muscles are strong. (Str +2) [potion of mutation]
  2340 | D:3      | Gained mutation: Scrolls take you a little longer to read. [potion of mutation]
  2362 | D:3      | Killed Natasha
  2931 | D:4      | Gained mutation: You regenerate a little health from kills. [demonic ancestry]
  2931 | D:4      | Reached XP level 6. HP: 56/56 MP: 6/6
  3273 | D:4      | Found a staircase to the Ecumenical Temple.
  3275 | D:4      | Found a sparkling altar of Nemelex Xobeh.
  3411 | D:4      | Found a basalt altar of Yredelemnul.
  3414 | D:4      | Found a deep blue altar of Sif Muna.
  3510 | D:4      | Reached skill level 6 in Fighting
  3796 | D:4      | Reached *** piety under Trog
  4108 | D:5      | Entered Level 5 of the Dungeon
  4134 | D:5      | Reached skill level 5 in Long Blades
  4134 | D:5      | Gained mutation: You regenerate health from kills. [demonic ancestry]
  4134 | D:5      | Reached XP level 7. HP: 64/64 MP: 7/7
  4262 | D:5      | Reached skill level 7 in Fighting
  4559 | D:5      | Found a snail-covered altar of Cheibriados.
  5092 | D:5      | Found a sacrificial altar of Ru.
  5306 | D:6      | Reached skill level 8 in Fighting
  5306 | D:6      | Reached XP level 8. HP: 74/74 MP: 8/8
  5612 | D:6      | Killed from afar by an electric eel

Skill      XL: |  1  2  3  4  5  6  7 |
---------------+----------------------+-----
Long Blades    | 3 4 5 |  5.7
Fighting       | 4 5 6 8 |  8.4
Armour         | |  1.7
Dodging        | |  1.7

Action                   |  1- 3 |  4- 6 |  7- 9 || total
-------------------------+-------+-------+-------++-------
Melee: Falchion          |   119 |   233 |   150 ||   502
Invok: Berserk           |     1 |     8 |     3 ||    12
       Trog's Hand       |       |     6 |     1 ||     7
  Use: Potion            |       |     1 |       ||     1
       Scroll            |       |     5 |     6 ||    11
  Eat: Chunk             |     3 |    14 |     4 ||    21
       Pizza             |       |     1 |       ||     1
       Meat ration       |       |       |     1 ||     1
Armor: Animal skin       |     3 |       |       ||     3
       Ring mail         |    43 |   110 |    49 ||   202
Dodge: Dodged            |    97 |   159 |    66 ||   322
       Rpst.: Falchion   |    31 |    41 |    17 ||    89
